 Dungeon Crawl Stone Soup version 0.28-a0-1206-g193881aaa2 (webtiles) character file.

Game seed: 1527803533048120534

1449 bande the Chopper (level 8, -2/50 HPs)
             Began as a Gargoyle Fighter on Dec 20, 2021.
             Was an Initiate of Okawaru.
             Killed from afar by Maggie (18 damage)
             ... with a bolt of fire
             ... on level 7 of the Dungeon on Dec 21, 2021.
             The game lasted 00:10:04 (7101 turns).

bande the Chopper (Gargoyle Fighter)                Turns: 7101, Time: 00:10:05

Health: -2/50      AC: 31    Str: 20    XL:     8   Next: 75%
Magic:  9/9        EV:  4    Int:  9    God:    Okawaru [......]
Gold:   279        SH:  9    Dex: 13    Spells: 7/7 levels left

rFire   . . .      SeeInvis .   a - +1 war axe (venom)
rCold   . . .      Faith    +   r - +0 kite shield
rNeg    + . .      Spirit   .   w - +4 plate armour
rPois   ∞          Reflect  .   s - +0 helmet
rElec   +          Harm     .   (no cloak)
rCorr   .          Rampage  .   (no gloves)
Will    .....                   (no boots)
Stlth   ..........              g - amulet of faith
HPRegen 0.16/turn               o - ring of the Tortoise {AC+8}
MPRegen 0.11/turn               (no ring)

@: mesmerised
A: sickness immunity, AC +5, negative energy resistance 1, electricity
resistance, torment resistance 1, petrification resistance, fangs 1, agile 1,
wild magic 1
a: Renounce Religion


You were on level 7 of the Dungeon.
You worshipped Okawaru.
Okawaru was noncommittal.
You visited 2 branches of the dungeon, and saw 8 of its levels.

You collected 367 gold pieces.
You spent 88 gold pieces at shops.

Inventory:

Hand Weapons
 a - a +1 war axe of venom (weapon)
 n - a +0 flail
Armour
 r - a +0 kite shield (worn)
 s - a +0 helmet (worn)
 w - a +4 plate armour (worn)
Jewellery
 f - a ring of wizardry
 g - an amulet of faith (around neck)
 o - the ring of the Tortoise (left hand) {AC+8}
   (You acquired it on level 5 of the Dungeon)

   [ring of protection]

   AC:        It affects your AC (+8).
 p - an amulet of the acrobat
 t - a ring of flight
Scrolls
 b - a scroll of blinking
 c - a scroll of torment {unknown}
 i - 2 scrolls of summoning
 j - 3 scrolls of teleportation
 q - 2 scrolls of enchant weapon
 u - a scroll of identify
 v - a scroll of fear {unknown}
Potions
 d - a potion of might
 e - a potion of magic
 h - 2 potions of cancellation
 k - a potion of ambrosia {unknown}
 l - 2 potions of heal wounds


   Skills:
 + Level 5.5 Fighting
 + Level 6.9 Axes
 + Level 6.4 Armour
 + Level 4.9 Shields
 * Level 1.7 Invocations


You had 7 spell levels left.
You didn't know any spells.
Your spell library contained the following spells:

 Spells                   Type           Power      Damage    Failure   Level
 Shock                    Conj/Air       0%         1d3       100%        1
 Gell's Gravitas          Tloc           0%         N/A       100%        3
 Swiftness                Air            0%         N/A       100%        3
 Teleport Other           Tloc           0%         N/A       100%        3
 Airstrike                Air            0%         N/A       100%        4
 Dispersal                Tloc           0%         N/A       100%        6


Dungeon Overview and Level Annotations

Branches:
Dungeon (7/15)             Temple (1/1) D:6

Altars:
Ashenzari
Cheibriados
Dithmenos
Fedhas
Gozag
Hepliaklqana
Kikubaaqudgha
Makhleb
Nemelex Xobeh
Okawaru
Qazlal
Sif Muna
Trog
Uskayaw
Vehumet
Wu Jian
Xom
Yredelemnul
Zin
The Shining One

Shops:
D:4 !

Annotations:
D:7 Maggie


Innate Abilities, Weirdness & Mutations

You are immune to sickness and miasma.
Your stone body is resilient. (AC +5)
You are immune to poison.
You resist negative energy. (rN+)
You are resistant to electric shocks. (rElec)
You are resistant to unholy torment.
You are immune to petrification.
You have very sharp teeth.
You are agile. (Dex +2)
Your spells are a little harder to cast, but a little more powerful.


Message History

Maggie hits you but does no damage.
Unknown command.
You slash Maggie!
Maggie is poisoned.
Maggie is heavily wounded.
You hit the ice beast but do no damage.
The ice beast hits you but does no damage.
Maggie hits you with a +0 morningstar of flaming!
Maggie burns you.
The ice beast hits you but does no damage.
Maggie hits you but does no damage.
You hit Maggie. You bite Maggie, but do no damage.
Maggie is severely wounded.
You hit the ice beast. You block the ice beast's attack.
Maggie barely misses you.
Unknown command.
You closely miss Maggie. Your bite misses Maggie.
Maggie is severely wounded.
You hit the ice beast but do no damage. The ice beast barely misses you.
Maggie hits you but does no damage.
You barely miss Maggie.
Maggie is severely wounded.
You hit the ice beast.
The ice beast hits you but does no damage.
Maggie hits you but does no damage. You block the ice beast's attack.
Maggie casts a spell at you. The bolt of fire hits you!
* * * LOW HITPOINT WARNING * * *
You closely miss Maggie.
Maggie is severely wounded.
You barely miss the ice beast.
The ice beast hits you but does no damage.
Maggie casts a spell at you.
The bolt of fire hits you but does no damage.
Unknown command.
You hit Maggie. You bite Maggie.
Maggie is almost dead.
You slash the ice beast! You block the ice beast's attack.
Maggie points at you and mumbles some strange words.
The bolt of fire hits you!!
You die...

###.. ....## #....#
....# ...# #..## #Y@.##
. #@..# §§ #...##
#####...########....#...
.☼○§..$..§☼○.##.......#
.§.§.$$$...§..#......##
.☼☼☼.$...§☼§.......###
#####...#####......# #
#§§°# #.##..## # #☼○§#
#..#..#


You could see Maggie (mesmerising, poisoned) and an ice beast (very poisoned).

Vanquished Creatures
  An orc warrior (D:7)
  An ice beast (D:7)
  A sky beast (D:5)
  2 necrophages (D:5)
  3 ogres
  2 kobold brigands (D:6)
  2 scorpions
  A water moccasin skeleton (D:5)
  A bullfrog zombie (D:6)
  2 hounds (D:4)
  An orc priest (D:7)
  4 iguanas
  2 orc wizards
  3 gnolls
  4 adders
  A howler monkey skeleton (D:4)
  A white imp (D:6)
  2 worms
  3 dart slugs
  12 orcs
  4 endoplasms
  3 giant cockroaches
  A goblin (D:4)
  5 hobgoblins
  4 jackals (D:4)
  16 kobolds
  2 quokkas
  6 ball pythons
  3 bats
  7 frilled lizards
  8 rats
108 creatures vanquished.

Notes
Turn   | Place    | Note
-------+----------+-------------------------------------------
     0 | D:1      | bande the Gargoyle Fighter began the quest for the Orb.
     0 | D:1      | Reached XP level 1. HP: 14/14 MP: 1/1
   258 | D:1      | Reached XP level 2. HP: 19/19 MP: 2/2
   777 | D:2      | Reached XP level 3. HP: 23/23 MP: 3/3
  1302 | D:3      | Reached XP level 4. HP: 19/29 MP: 4/4
  1911 | D:3      | Found an opulent altar of Gozag.
  1911 | D:3      | Found a glowing golden altar of the Shining One.
  2636 | D:4      | Reached XP level 5. HP: 26/33 MP: 5/5
  3556 | D:4      | Found Ajuypn's Distillery.
  3563 | D:4      | Bought a potion of mutation for 88 gold pieces
  3563 | D:4      | Gained mutation: Your spells are a little harder to cast,
                  | but a little more powerful. [potion of mutation]
  3563 | D:4      | Gained mutation: You are agile. (Dex +2) [potion of
                  | mutation]
  3563 | D:4      | Gained mutation: You have very sharp teeth. [potion of
                  | mutation]
  3620 | D:4      | Reached XP level 6. HP: 38/38 MP: 6/6
  4109 | D:4      | Reached skill level 5 in Armour
  4109 | D:4      | Reached XP level 7. HP: 26/44 MP: 7/7
  4778 | D:5      | Entered Level 5 of the Dungeon
  4790 | D:5      | Identified a scroll of acquirement
  4790 | D:5      | Acquired the ring of the Tortoise {AC+8}
  4790 | D:5      | Found the ring of the Tortoise {AC+8}
  4825 | D:5      | Reached skill level 5 in Axes
  5084 | D:5      | Reached skill level 5 in Fighting
  5198 | D:5      | Reached XP level 8. HP: 46/49 MP: 8/8
  6156 | D:6      | Found a staircase to the Ecumenical Temple.
  6242 | Temple   | Entered the Ecumenical Temple
  6428 | Temple   | Became a worshipper of Warmaster Okawaru
  6863 | D:7      | Reached skill level 1 in Invocations
  7089 | D:7      | Noticed Maggie
  7101 | D:7      | Killed from afar by Maggie

Illustrated notes

Levels and vault maps discovered:
D:1:      amcnicky_arrival_feature_with_door, layout_basic,
          kennysheep_flooded_box
D:2:      layout_rooms, hex_medium, hangedman_decor_lopped,
          roderic_serpentine_path, chequers_serial_rivers_micro_a,
          minmay_surrounded
D:3:      layout_basic, mainiacjoe_overflow_divided_tiny
D:4:      layout_loops_corners, serial_shops, shop_coins,
          kennysheep_small_circle
D:5:      layout_cave_pools
D:6:      layout_basic, minmay_temple_entry_statues, grunt_decor_cap
D:7:      layout_layer_cave, nicolae_ru_the_path_less_chosen,
          lemuel_flame_loot_1, uniq_prince_ribbit1, uniq_maggie
Temple:   dpeg_five_rooms_temple

Skill      XL: |  1  2  3  4  5  6  7  8 |
---------------+-------------------------+-----
Axes           | 2 3 4 5 6 |  6.9
Armour         | 4 5 6 |  6.4
Fighting       | 4 5 |  5.5
Shields        | 4 |  4.9
Invocations    | 1 |  1.7

Action                   |  1- 3 |  4- 6 |  7- 9 || total
-------------------------+-------+-------+-------++-------
Melee: War axe           |    97 |   109 |   120 ||   326
       Bite              |       |     4 |    17 ||    21
  Use: Scroll            |     5 |     5 |     5 ||    15
       Potion            |       |     1 |       ||     1
Armor: Scale mail        |    38 |     7 |       ||    45
       Plate armour      |       |    65 |    95 ||   160
Dodge: Dodged            |    51 |    20 |    25 ||    96
Block: Buckler           |    26 |    37 |    11 ||    74
       Kite shield       |       |       |    28 ||    28

Table legend: (Time is in decaauts)
 A = Elapsed time spent in this place.
 B = Non-inter-level travel time spent in this place.
 C = Inter-level travel time spent in this place.
 D = Time resting spent in this place.
 E = Time spent auto-exploring this place.
 F = Levels seen in this place.
 G = Mean time per level.
                   A        B        C        D        E       F      G
               +--------+--------+--------+--------+--------+-----+--------+
         Total |   7217 |   7185 |     32 |   1302 |   4599 |   8 |  902.1 |
       Dungeon |   6997 |   6997 |      0 |   1302 |   4429 |   7 |  999.6 |
        Temple |    219 |    187 |     32 |      0 |    170 |   1 |  219.0 |
               +--------+--------+--------+--------+--------+-----+--------+

Top non-repeatable levels by time:
     D:4: 2026 daAuts
     D:3: 1559 daAuts
     D:6: 1032 daAuts
     D:5: 736 daAuts
     D:2: 646 daAuts
     D:1: 626 daAuts
     D:7: 370 daAuts
  Temple: 219 daAuts
